Workbook

Sheet Donnee
A1: CTL0108100059 | B1: =VLOOKUP(A1,Source!A:B,2,0) -> #N/A
A2: CTL0110020012 | B2: =VLOOKUP(A2,Source!A:B,2,0) -> #N/A
A3: CTL0111040103 | B3: =VLOOKUP(A3,Source!A:B,2,0) -> #N/A
A4: CTL0111040149 | B4: =VLOOKUP(A4,Source!A:B,2,0) -> #N/A
A5: CTL0111040402 | B5: =VLOOKUP(A5,Source!A:B,2,0) -> #N/A
A6: CTL0111050024 | B6: =VLOOKUP(A6,Source!A:B,2,0) -> #N/A
A7: CTL0111050154 | B7: =VLOOKUP(A7,Source!A:B,2,0) -> #N/A
A8: CTL0111070094 | B8: =VLOOKUP(A8,Source!A:B,2,0) -> #N/A
A9: CTL0111090172 | B9: =VLOOKUP(A9,Source!A:B,2,0) -> #N/A
A10: CTL0111100267 | B10: =VLOOKUP(A10,Source!A:B,2,0) -> #N/A
A11: CTL0111110122 | B11: =VLOOKUP(A11,Source!A:B,2,0) -> #N/A
A12: CTL0111120003 | B12: =VLOOKUP(A12,Source!A:B,2,0) -> #N/A
... A339: CTL0113040617 | B339: =VLOOKUP(A339,Source!A:B,2,0) -> #N/A

Sheet Source
A1: CTL0106100001 | B1: EDERY
A2: CTL0106100002 | B2: SAIKALI
A3: CTL0106100004 | B3: TIFNOUTI
A4: CTL0106100007 | B4: LASSIS
A5: CTL0106100009 | B5: YAGI
A6: CTL0106100011 | B6: FUTABA
A7: CTL0106100014 | B7: CLECH
A8: CTL0106100016 | B8: SABOURIN
A9: CTL0106100021 | B9: BAUER
A10: CTL0106100020 | B10: Rousel
A11: CTL0106100025 | B11: GEMEHL
A12: CTL0106100027 | B12: ESTEPA MALDONADO
... A10186: CTL0113040619 | B10186: LEWIS
